 Dungeon Crawl Stone Soup version 0.30-a0-347-gf58ed5266c (webtiles) character file.

Game seed: 16235810638368849230

3099 bande the Cleaver (level 9, -3/55 HPs)
             Began as a Gargoyle Fighter on Nov 6, 2022.
             Was a Believer of Okawaru.
             Slain by a two-headed ogre
             ... wielding a +0 giant spiked club
              (19 damage)
             ... on level 10 of the Dungeon.
             The game lasted 00:14:28 (7958 turns).

bande the Cleaver (Gargoyle Fighter)                Turns: 7958, Time: 00:14:29

Health: -3/55      AC: 24    Str: 20    XL:     9   Next: 90%
Magic:  0/11       EV:  6    Int:  9    God:    Okawaru [**....]
Gold:   1648       SH:  6    Dex: 19    Spells: 8/8 levels left

rFire   . . .      SeeInvis .    j - +2 war axe (flame)
rCold   + . .      Faith    .    c - +0 buckler
rNeg    + . .      Spirit   +    k - +0 plate armour
rPois   ∞          Reflect  .    y - +1 helmet
rElec   +          Harm     .    (no cloak)
rCorr   .          Rampage  .    q - +0 pair of gloves
Will    .....                    B - +0 pair of boots
Stlth   ..........               u - amulet of guardian spirit
HPRegen 0.29/turn                g - ring of protection from cold
MPRegen 0.12/turn                A - +6 ring of dexterity

@: no status effects
A: sickness immunity, AC +6, negative energy resistance 1, electricity
resistance, torment resistance 1, petrification resistance
a: Renounce Religion, Heroism


You were on level 10 of the Dungeon.
You worshipped Okawaru.
Okawaru was pleased with you.
You visited 2 branches of the dungeon, and saw 11 of its levels.

You collected 1648 gold pieces.

Inventory:

Hand Weapons
 a - a +1 war axe
 j - a +2 war axe of flaming (weapon)
Missiles
 m - a throwing net (quivered)
Armour
 c - a +0 buckler (worn)
 k - a +0 plate armour (worn)
 q - a +0 pair of gloves (worn)
 y - a +1 helmet (worn)
 B - a +0 pair of boots (worn)
Jewellery
 g - a ring of protection from cold (left hand)
 u - an amulet of guardian spirit (around neck)
 v - a ring of ice
 A - a +6 ring of dexterity (right hand)
Wands
 b - a wand of flame (33)
 e - a wand of paralysis (3)
 o - a wand of mindburst (18)
 D - a wand of roots (10)
Scrolls
 h - a scroll of enchant armour
 p - a scroll of fear
 t - 3 scrolls of teleportation
 x - 2 scrolls of blinking
 z - a scroll of amnesia
 C - a scroll of enchant weapon
Potions
 d - a potion of might
 f - 2 potions of resistance
 i - a potion of haste
 l - 5 potions of magic
 n - a potion of ambrosia {unknown}
 r - 3 potions of curing
 s - a potion of flight {unknown}
 w - 3 potions of heal wounds
 E - 2 potions of brilliance {unknown}
 F - a potion of lignification {unknown}


   Skills:
 + Level 5.7 Fighting
 + Level 8.1 Axes
 + Level 7.1 Armour
 + Level 5.0 Shields
 * Level 3.6 Invocations
 * Level 4.9 Evocations


You had 8 spell levels left.
You didn't know any spells.
Your spell library contained the following spells:

 Spells                   Type           Power      Damage    Failure   Level
 Beastly Appendage        Tmut           0%         N/A       100%        1
 Static Discharge         Conj/Air       0%         2-2/arc   100%        2
 Wereblood                Tmut           0%         N/A       100%        2
 Spider Form              Tmut/Pois      0%         N/A       100%        3
 Vhi's Electric Charge    Tloc/Air       0%         N/A       100%        3
 Arcjolt                  Conj/Air       0%         1d10      100%        5
 Lightning Bolt           Conj/Air       0%         1d11      100%        5
 Summon Ice Beast         Ice/Summ       Unusable   N/A       N/A         4
 Summon Mana Viper        Hex/Summ       Unusable   N/A       N/A         5
 Monstrous Menagerie      Summ           Unusable   N/A       N/A         7

Dungeon Overview and Level Annotations

Branches:
Dungeon (11/15)            Temple (1/1) D:6
   Lair: D:8-11         Orc: D:9-12

Altars:
Cheibriados
Elyvilon
Fedhas
Hepliaklqana
Kikubaaqudgha
Makhleb
Nemelex Xobeh
Okawaru
Qazlal
Trog
Uskayaw
Vehumet
Wu Jian
Yredelemnul
Zin
The Shining One

Shops:
D:7 *   D:11 (

Annotations:
D:10 1 runed translucent door


Innate Abilities, Weirdness & Mutations

You are immune to sickness and miasma.
Your stone body is resilient. (AC +6)
You are immune to poison.
You resist negative energy. (rN+)
You are resistant to electric shocks. (rElec)
You are resistant to unholy torment.
You are immune to petrification.


Message History

The two-headed ogre is moderately wounded.
You block the two-headed ogre's attack.
The two-headed ogre hits you with a +0 giant club!
You slash the two-headed ogre! You burn the two-headed ogre.
The two-headed ogre is heavily wounded.
You slash the two-headed ogre! You burn the two-headed ogre.
The two-headed ogre is severely wounded.
The two-headed ogre hits you but does no damage. x2
The centaur warrior hits you but does no damage.
You block the centaur warrior's attack.
You hit the two-headed ogre. You burn the two-headed ogre.
The two-headed ogre is almost dead.
You barely miss the centaur warrior. You block the centaur warrior's attack.
The centaur warrior kicks you but does no damage.
The two-headed ogre completely misses you.
The two-headed ogre hits you with a +0 giant club!
* * * LOW HITPOINT WARNING * * *
The centaur warrior hits you.
* * * LOW HITPOINT WARNING * * *
You block the centaur warrior's attack.
You feel much better. The centaur warrior hits you.
The centaur warrior kicks you but does no damage.
The two-headed ogre hits you but does no damage.
The two-headed ogre barely misses you.
Unknown command.
You closely miss the two-headed ogre.
The two-headed ogre is almost dead.
You slash the centaur warrior! You burn the centaur warrior.
The centaur warrior hits you.
The centaur warrior kicks you but does no damage.
The centaur warrior hits you but does no damage.
You block the centaur warrior's attack.
You barely miss the two-headed ogre.
The two-headed ogre is almost dead.
You hit the centaur warrior. You burn the centaur warrior.
The centaur warrior hits you!
* * * LOW HITPOINT WARNING * * *
The centaur warrior kicks you but does no damage.
The two-headed ogre hits you with a +0 giant spiked club!!
You die...

## ##.# ...##
####...# #.O@...#
.'..'$c#.###
+#######.# ####
#.####..###
#.........# #
#.......### # ##
#.......# ...
#.......#
..##########......##


You could see a centaur warrior and a two-headed ogre.

Vanquished Creatures
  Maggie (D:7)
  The ghost of ColgateMemes the Chopper, an amateur NaWr (D:5)
  2 wraiths
  A water moccasin (D:8)
  An orc warrior (D:7)
  A sky beast (D:7)
  2 black bears
  2 ogres
  2 centaurs
  2 phantoms
  A kobold brigand (D:7)
  2 scorpions
  4 wights (D:7)
  3 killer bees (D:7)
  2 howler monkeys (D:7)
  A bullfrog zombie (D:5)
  A centaur zombie (D:5)
  5 hounds
  A jelly (D:7)
  2 orc priests
  4 iguanas
  6 orc wizards
  Robin (D:4)
  10 adders
  A shadow imp (D:6)
  An ufetubus (D:6)
  3 dart slugs
  18 orcs
  6 bats
  3 bat skeletons (D:8)
  4 bat zombies (D:8)
  6 endoplasms
  A giant cockroach (D:1)
  14 goblins
  10 hobgoblins
  5 jackals
  A quokka (D:5)
  6 ball pythons
  6 frilled lizards
  18 kobolds
  5 rats
166 creatures vanquished.

Vanquished Creatures (others)
  A plant (D:4)
1 creature vanquished.

Grand Total: 167 creatures vanquished

Notes
Turn   | Place    | Note
-------+----------+-------------------------------------------
     0 | D:1      | bande the Gargoyle Fighter began the quest for the Orb.
     0 | D:1      | Reached XP level 1. HP: 14/14 MP: 1/1
   100 | D:1      | Reached skill level 2 in Axes
   102 | D:1      | Reached XP level 2. HP: 1/19 MP: 2/2
   477 | D:1      | Reached XP level 3. HP: 23/23 MP: 3/3
  1177 | D:2      | Reached skill level 3 in Axes
  1177 | D:2      | Reached XP level 4. HP: 28/28 MP: 4/4
  1634 | D:3      | Reached XP level 5. HP: 29/32 MP: 5/5
  1679 | D:3      | Found a faded altar of an unknown god.
  1956 | D:3      | Found an ornate altar of the Wu Jian Council.
  1999 | D:4      | Noticed Robin
  2129 | D:3      | Reached skill level 1 in Evocations
  2277 | D:4      | Killed Robin
  2610 | D:4      | Noticed a phantom
  2620 | D:4      | Killed a phantom
  2621 | D:4      | Reached skill level 4 in Axes
  2621 | D:4      | Reached XP level 6. HP: 38/38 MP: 6/6
  3200 | D:4      | Found a snail-covered altar of Cheibriados.
  3656 | D:5      | Entered Level 5 of the Dungeon
  3666 | D:5      | Reached XP level 7. HP: 32/43 MP: 7/7
  3802 | D:5      | Reached skill level 5 in Axes
  4312 | D:5      | Found a runed translucent gate.
  4312 | D:5      | Found a runed translucent gate.
  4312 | D:5      | Found a runed translucent gate.
  4312 | D:5      | Noticed ColgateMemes's ghost (amateur NaWr)
  4314 | D:5      | Found a basalt altar of Yredelemnul.
  4372 | D:5      | Reached skill level 5 in Armour
  4806 | D:5      | Killed ColgateMemes's ghost
  4807 | D:5      | Reached XP level 8. HP: 48/48 MP: 8/8
  4933 | D:6      | Reached skill level 6 in Axes
  5343 | D:6      | Found a staircase to the Ecumenical Temple.
  5353 | Temple   | Entered the Ecumenical Temple
  5357 | Temple   | Became a worshipper of Warmaster Okawaru
  5461 | D:6      | Found a sparkling altar of Nemelex Xobeh.
  5884 | D:7      | Reached skill level 1 in Invocations
  6080 | D:7      | Reached skill level 5 in Fighting
  6080 | D:7      | Reached skill level 7 in Axes
  6080 | D:7      | Reached XP level 9. HP: 47/54 MP: 7/10
  6194 | D:7      | Reached * piety under Okawaru
  6205 | D:7      | Found Xurell's Elemental Accessories.
  6365 | D:7      | Noticed Maggie
  6396 | D:7      | Killed Maggie
  7055 | D:7      | Found a glowing silver altar of Zin.
  7239 | D:8      | Found a glowing golden altar of the Shining One.
  7268 | D:8      | Reached ** piety under Okawaru
  7460 | D:8      | Identified a scroll of acquirement
  7460 | D:8      | Acquired 1149 gold pieces
  7489 | D:8      | Found an ancient bone altar of Kikubaaqudgha.
  7572 | D:8      | Reached skill level 5 in Shields
  7785 | D:8      | You fall into a shaft and drop 3 floors!
  7820 | D:11     | Reached skill level 8 in Axes
  7839 | D:11     | Found Vameqeis's Weapon Emporium.
  7873 | D:10     | Entered Level 10 of the Dungeon
  7948 | D:10     | Noticed a two-headed ogre
  7949 | D:10     | Found a runed translucent door.
  7951 | D:10     | Noticed a centaur warrior
  7958 | D:10     | Slain by a two-headed ogre

Illustrated notes

Levels and vault maps discovered:
D:1:      lightli_arrival_quake, layout_rooms, st_stairs_9, nrook_uturn,
          minmay_tetromino_s4
D:2:      layout_loops_ring
D:3:      layout_basic, nicolae_overflow_hidden_temple, basic_ecumenical_altar,
          dreamdust_mushroom_princess
D:4:      layout_layer_cave, chei_slow_surprise, serial_bayou_pond_d, uniq_robin
D:5:      layout_basic, nicolae_yredelemnul_ghost_church
D:6:      layout_rooms, nemelex_diamond_rough_becter, lemuel_temple_firewalk_b
D:7:      layout_loops_corners, lemuel_tele_altar, nicolae_elemental_shop,
          uniq_maggie
D:8:      layout_cave_pods, lemuel_crystal_altar, kennysheep_vampire_church
D:10:     layout_cave_pools, grunt_dithmenos_smoke,
          lemuel_coloured_pillars_altar, nicolae_sif_muna_little_library,
          kennysheep_orc_monster_closet_entryway, serial_shops,
          nicolae_shop_crystal, minivault_13
D:11:     layout_stronghold, serial_shops, nicolae_diamond_shop
Temple:   nicolae_temple_x_marks_the_god

Skill      XL: |  1  2  3  4  5  6  7  8  9 |
---------------+----------------------------+-----
Axes           | 2 3 4 5 7 8 |  8.1
Armour         | 4 5 6 7 |  7.1
Evocations     | 1 2 3 4 |  4.9
Fighting       | 4 5 |  5.7
Shields        | 4 5 |  5.0
Invocations    | 1 3 |  3.6

Action                   |  1- 3 |  4- 6 |  7- 9 || total
-------------------------+-------+-------+-------++-------
Melee: War axe           |   121 |   188 |   383 ||   692
  Use: Scroll            |       |    12 |     7 ||    19
       Potion            |       |       |     4 ||     4
Armor: Scale mail        |    86 |   127 |       ||   213
       Chain mail        |       |    25 |   222 ||   247
       Plate armour      |       |       |    64 ||    64
Dodge: Dodged            |    74 |   102 |   118 ||   294
Block: Buckler           |    33 |    55 |    89 ||   177

Table legend: (Time is in decaauts)
 A = Elapsed time spent in this place.
 B = Non-inter-level travel time spent in this place.
 C = Inter-level travel time spent in this place.
 D = Time resting spent in this place.
 E = Time spent auto-exploring this place.
 F = Levels seen in this place.
 G = Mean time per level.
                   A        B        C        D        E       F      G
               +--------+--------+--------+--------+--------+-----+--------+
         Total |   8162 |   8035 |    127 |   1585 |   4580 |  11 |  742.0 |
       Dungeon |   8150 |   8023 |    127 |   1585 |   4580 |  10 |  815.0 |
        Temple |     11 |     11 |      0 |      0 |      0 |   1 |   11.0 |
               +--------+--------+--------+--------+--------+-----+--------+

Top non-repeatable levels by time:
     D:7: 1640 daAuts
     D:4: 1430 daAuts
     D:5: 1287 daAuts
     D:3: 923 daAuts
     D:1: 825 daAuts
     D:6: 690 daAuts
     D:2: 592 daAuts
     D:8: 584 daAuts
    D:11: 88 daAuts
    D:10: 86 daAuts
  Temple: 11 daAuts
